[Event "Late-Titled-Tuesday-Blitz-September-12-2023"]
[Site "Chess.com"]
[Date "2023.09.12"]
[Round "8"]
[White "IMGC"]
[Black "WPWPWP-2015"]
[Result "1-0"]
[WhiteElo "2442"]
[BlackElo "2535"]
[TimeControl "180+1"]
[EndTime "15:24:41 PDT"]
[Termination "IMGC won by checkmate"]

1. d4 Nf6 2. Nf3 e6 3. e3 d5 4. Bd3 Be7 5. O-O O-O 6. Nbd2 Nbd7 7. Qe2 c5 8. c3 b6 9. e4 cxd4 10. cxd4 dxe4 11. Nxe4 Bb7 12. Rd1 h6 13. Ng3 Bd5 14. Bf4 Nb8 15. Ne5 Nc6 16. Bb5 Nxe5 17. dxe5 Nd7 18.
Nf5 a6 19. Bxa6 Rxa6 20. Qxa6 Nc5 21. Nxe7+ Qxe7 22. Qe2 Qh4 23. Be3 Nd7 24. Bd4 Qg5 25.
f3 Rc8 26. Qe3 Qg6 27. Rac1 Ra8 28. a3 h5 29. Rc7 Rd8 30. Rdc1 Kh7 31. Rc8 Rxc8 32.
Rxc8 b5 33. Rc7 Nf8 34. Qf4 Qb1+ 35. Kf2 Qd3 36. Be3 Qf5 37. Qxf5+ exf5 38. Rc5 Bc4 39. b3 Bxb3 40. Rxb5 Bc2 41. Rb8 Ne6 42. Rb2 Bd1 43. Rd2 Bb3 44. Rb2 Bd1 45. Rb4 g5 46. g3 Kg6 47. a4 f6 48. exf6 Nd8 49. a5 Nc6 50.
Rb1 Ba4 51. Ra1 Bb3 52. a6 Bd5 53. a7 Ne5 54. a8=Q Bxa8 55. Rxa8 Nd3+ 56. Ke2 Ne5 57. Bd4 Nc6 58. Bc3 f4 59. Rg8+ Kf7 60. Rxg5 fxg3 61. hxg3 Nd8 62. Rxh5 Ne6 63. Rh7+ Kg8 64. Re7 Ng5 65.
f4 Nf7 66. Rxf7 Kxf7 67. g4 Kg6 68. g5 Kf7 69. Kf3 Kg6 70. Kg4 Kh7 71. f5 Kg8 72.
Kh5 Kh8 73. Kg6 Kg8 74. f7+ Kf8 75. Bb4# 1-0

[Event "Late-Titled-Tuesday-Blitz-September-12-2023"]
[Site "Chess.com"]
[Date "2023.09.12"]
[Round "8"]
[White "Polish_fighter3000"]
[Black "rasmussvane"]
[Result "0-1"]
[WhiteElo "3074"]
[BlackElo "3009"]
[TimeControl "180+1"]
[EndTime "15:24:43 PDT"]
[Termination "rasmussvane won on time"]

1. d4 Nf6 2. c4 e6 3. Nf3 d5 4. g3 Be7 5. Bg2 O-O 6. Qc2 c5 7.
dxc5 Qa5+ 8. Nc3 dxc4 9. O-O Qxc5 10. Be3 Qa5 11. Nd2 Qa6 12. b3 Bd7 13. Nxc4 Bc6 14.
a4 Bxg2 15. Kxg2 Nc6 16. Nb5 Nb4 17. Qb2 Nbd5 18. Bd2 Rac8 19. f3 Nb6 20. Ne5 Nbd7 21. Bc3 Rfd8 22. e4 Bf8 23. Rfd1 b6 24. Nc4 Ne8 25. Rac1 Nc5 26. Bd4 Qb7 27. Nc3 h6 28. Rd2 Rd7 29. Rcd1 Rcd8 30. b4 Na6 31. Ne5 Rc7 32.
b5 Nb8 33. Ne2 Rcc8 34. Nf4 Qe7 35. h4 Qb4 36. Qa1 Qe7 37. Kh3 Nd6 38. g4 Qe8 39.
Nh5 f6 40. Nc6 Nxc6 41. Bxf6 Rd7 42. bxc6 Rxc6 43. Bxg7 Bxg7 44. Nxg7 Qf7 45. Rd3 Qxg7 46. Qxg7+ Kxg7 47. e5 Kf7 48. g5 hxg5 49. hxg5 Rc5 50. Rxd6 Rxd6 51. exd6 Ke8 52. Kg4 Rc4+ 53. Kh5 Rxa4 54.
g6 Ra2 55. d7+ Kd8 56. g7 Rg2 57. Kh6 e5 58. Kh7 Rh2+ 59. Kg6 Rg2+ 60. Kf7 e4 61. fxe4 Rf2+ 62. Kg6 Rg2+ 63. Kh7 Rh2+ 64. Kg8 Re2 65. Kf7 Rf2+ 66. Ke6 Rg2 67. Kf6 Rf2+ 68. Ke5 Rg2 0-1

[Event "Late-Titled-Tuesday-Blitz-September-12-2023"]
[Site "Chess.com"]
[Date "2023.09.12"]
[Round "8"]
[White "lachesisQ"]
[Black "MikaelyanArman"]
[Result "1/2-1/2"]
[WhiteElo "3082"]
[BlackElo "2939"]
[TimeControl "180+1"]
[EndTime "15:24:44 PDT"]
[Termination "Game drawn by repetition"]

1. e4 c5 2. Nf3 Nc6 3. c3 Nf6 4. e5 Nd5 5. Bc4 Nb6 6. Bb3 d5 7. exd6 Qxd6 8. O-O Be6 9. Re1 Bxb3 10. axb3 e6 11. Na3 Be7 12. d4 cxd4 13. Nb5 Qd8 14. Nbxd4 Nxd4 15. Nxd4 O-O 16. Qf3 Nd5 17. Bd2 Bf6 18. Ne2 a5 19. Nf4 Nxf4 20. Bxf4 Qb6 21. Qd1 Rfd8 22. Qc2 Rd5 23. Be3 Qc6 24. b4 a4 25.
Red1 b5 26. Rxd5 Qxd5 27. Rd1 Qb3 28. Qe2 h6 29. h3 a3 30. bxa3 Rxa3 31. Rd7 Qb1+ 32.
Kh2 Qf5 33. Bd4 Bxd4 34. cxd4 Qf4+ 35. g3 Qf5 36. Rc7 Ra1 37. Rc8+ Kh7 38. Qc2 Qxc2 39.
Rxc2 Rb1 40. d5 exd5 41. Rd2 Rxb4 42. Rxd5 g5 43. Rd6 Rc4 44. Rb6 b4 45. Kg2 Kg7 46. Kf3 f6 47. Ke3 Kg6 48. Rb5 h5 49. Kf3 h4 50.
Kg2 hxg3 51. fxg3 Rc2+ 52. Kf3 Rc3+ 53. Kg2 b3 54. h4 g4 55. Rb4 f5 56. Kf2 Rf3+ 57.
Kg2 Rc3 58. Kf2 Rc2+ 59. Ke3 b2 60. Rb6+ Kh5 61. Rb5 Kg6 62. Rb6+ Kg7 63. Kf4 Rf2+ 64. Kg5 f4 65. Rb7+ Kf8 66. Kxg4 fxg3 67. Kxg3 Rc2 68. Kg4 Rc4+ 69. Kg5 Rc5+ 70. Kg6 Rc6+ 71. Kg5 Rc5+ 72. Kf4 Rc4+ 73. Kg3 Rc3+ 74. Kg2 Rc2+ 75.
Kf3 Rc3+ 76. Kg4 Rc4+ 77. Kg5 Rc5+ 1/2-1/2

[Event "Late-Titled-Tuesday-Blitz-September-12-2023"]
[Site "Chess.com"]
[Date "2023.09.12"]
[Round "8"]
[White "Bilan_Danila"]
[Black "pokochajszachy"]
[Result "1-0"]
[WhiteElo "2564"]
[BlackElo "2390"]
[TimeControl "180+1"]
[EndTime "15:24:48 PDT"]
[Termination "Bilan_Danila won by resignation"]

1. d4 d5 2. Nf3 Nf6 3. c4 c6 4. Nc3 e6 5. Bg5 h6 6. Bh4 dxc4 7. e4 g5 8. Bg3 b5 9. h4 g4 10. Ne5 Bb7 11. Be2 Nbd7 12. Nxg4 Rg8 13. Nxf6+ Nxf6 14. Bf3 b4 15. Na4 c5 16. e5 Ne4 17.
Nxc5 Bxc5 18. dxc5 Nxc5 19. Bxb7 Qxd1+ 20. Rxd1 Nxb7 21. Rd4 Rc8 22. Ke2 c3 23. Rxb4 cxb2 24. Rxb7 Rxg3 25. fxg3 Rc1 26. Rxb2 Rxh1 27. Rb8+ Ke7 28.
Rb7+ Kf8 29. Rxa7 Rb1 30. a4 Rb2+ 31. Kf3 h5 32. a5 Rb3+ 33. Kf4 Kg7 34. a6 Kg6 35.
Rb7 Ra3 36. a7 Ra4+ 37. Ke3 Kf5 38. Rxf7+ Kxe5 39. Kd3 Kd5 40. Kc3 Ra1 41. Kb4 Kc6 42.
Kc4 Ra4+ 43. Kb3 Ra1 44. Kc3 Kd5 45. Kb4 Kc6 46. Kc4 Ra4+ 47. Kd3 Kd5 48. Ke3 e5 49. Kf3 Ra3+ 50. Kf2 Ke4 51. g4 hxg4 52. h5 g3+ 53. Ke2 Ra2+ 54. Kd1 Kd3 55. Kc1 e4 56. h6 e3 57. h7 e2 58. Re7 Rxa7 59. h8=Q Rxe7 60. Qd8+ Ke3 61. Qxe7+ Kf2 62. Qf6+ Ke1 63.
Qe5 Kf2 64. Qf4+ Ke1 65. Qxg3+ Kf1 66. Qf3+ Ke1 67. Qxe2+ Kxe2 68. g4 Kf3 69. g5 Kg4 70.
g6 1-0

[Event "Late-Titled-Tuesday-Blitz-September-12-2023"]
[Site "Chess.com"]
[Date "2023.09.12"]
[Round "8"]
[White "ace_mar"]
[Black "KamlaPasand"]
[Result "1-0"]
[WhiteElo "2528"]
[BlackElo "2288"]
[TimeControl "180+1"]
[EndTime "15:24:50 PDT"]
[Termination "ace_mar won by checkmate"]

1. e4 e5 2. Nf3 Nc6 3. Bb5 a6 4. Ba4 Nf6 5. d4 exd4 6. O-O b5 7. Bb3 Be7 8. e5 Ne4 9. Bd5 Nc5 10. Nxd4 Bb7 11. Nf5 Ne6 12. Bxe6 dxe6 13. Nxg7+ Kf8 14. Bh6 Qxd1 15. Rxd1 Kg8 16. f4 Bf8 17. Rd3 Ne7 18.
Rg3 Ng6 19. f5 Bxg7 20. Bxg7 Kxg7 21. fxg6 fxg6 22. a4 Rad8 23. Na3 Rd5 24. axb5 axb5 25. c4 Rxe5 26. Nxb5 Rf8 27. Rf1 Rxf1+ 28. Kxf1 Ba6 29.
Rb3 Bxb5 30. cxb5 Rc5 31. b6 cxb6 32. Rxb6 Rc1+ 33. Kf2 Kf6 34. Rb8 h5 35. b4 Rb1 36.
b5 Kg5 37. b6 Kh4 38. Kf3 g5 39. b7 Rb2 40. g3+ Kh3 41. Rh8 Rb3+ 42. Kf2 Rb2+ 43.
Kf3 g4+ 44. Kf4 Rb4+ 45. Ke5 Rb5+ 46. Kxe6 Rxb7 47. Rxh5+ Kg2 48. Kf5 Rb4 49. Rh4 Ra4 50. Rxg4 Ra5+ 51. Kg6 Kxh2 52. Kh6 Kh3 53. Rg7 Ra6+ 54.
Kh7 Ra4 55. Kh6 Rb4 56. Kh5 Rb5+ 57. Kh6 Rb4 58. Rg5 Rb8 59. Kg6 Rg8+ 60. Kf5 Rf8+ 61. Ke4 Re8+ 62. Kf3 Rf8+ 63. Ke2 Re8+ 64. Kf1 Re3 65.
Kf2 Ra3 66. Rg8 Ra4 67. Rh8+ Kg4 68. Rh4+ Kg5 69. Rxa4 Kf5 70. Kf3 Kg5 71. g4 Kh4 72.
Ra5 Kh3 73. Rh5# 1-0

[Event "Late-Titled-Tuesday-Blitz-September-12-2023"]
[Site "Chess.com"]
[Date "2023.09.12"]
[Round "8"]
[White "Vaibhavraut99"]
[Black "Skagoogle"]
[Result "1/2-1/2"]
[WhiteElo "2585"]
[BlackElo "2777"]
[TimeControl "180+1"]
[EndTime "15:24:51 PDT"]
[Termination "Game drawn - insufficient material"]

1. e4 c5 2. Nf3 d6 3. Bb5+ Nd7 4.
O-O a6 5. Bd3 Qc7 6. c3 c4 7.
Bc2 b5 8. a4 Bb7 9. axb5 axb5 10. Rxa8+ Bxa8 11. b3 Ngf6 12. Re1 e6 13. Na3 d5 14. exd5 Bxd5 15. Nxb5 Qb6 16. bxc4 Bxc4 17. Nbd4 Bc5 18. d3 Bd5 19. Be3 O-O 20. c4 Ba8 21.
Nb3 Bxe3 22. Rxe3 Ng4 23. Re2 Bxf3 24. gxf3 Nge5 25. Re3 Rd8 26. Qa1 Nc6 27. d4 Nf6 28. Be4 Nxd4 29. c5 Nxb3 30. cxb6 Nxa1 31. Ra3 Nd7 32.
b7 Kf8 33. Rxa1 Ke7 34. Rd1 Rb8 35. f4 Nc5 36. Bf3 f5 37. Kg2 g6 38. h4 Nd7 39.
Rb1 Kd6 40. Kg3 Nc5 41. Rd1+ Kc7 42. Re1 Re8 43. Rc1 Kd6 44. Rd1+ Kc7 45. Rc1 Kd6 46. Rb1 Rb8 47. h5 gxh5 48. Kh4 Kc7 49. Rc1 Kd6 50.
Kxh5 Nxb7 51. Rb1 Kc7 52. Bxb7 Rxb7 53. Rxb7+ Kxb7 54. Kh6 Kc6 55. Kxh7 Kd5 56. Kg6 Ke4 57. Kg5 e5 58. fxe5 Kxe5 59. f3 f4 60. Kg4 Ke6 61.
Kg5 Ke5 62. Kg4 Ke6 63. Kxf4 Kf6 64. Ke4 Ke6 65. Ke3 Ke5 66. f4+ Kf5 67. Kf3 Kf6 68.
Ke4 Ke6 69. Kd4 Kf5 70. Ke3 Kf6 71. Ke4 Ke6 72. f5+ Kf6 73. Kf3 Kxf5 1/2-1/2

[Event "Late-Titled-Tuesday-Blitz-September-12-2023"]
[Site "Chess.com"]
[Date "2023.09.12"]
[Round "8"]
[White "AndreiITrifan"]
[Black "BlueWizzard"]
[Result "1-0"]
[WhiteElo "2665"]
[BlackElo "2923"]
[TimeControl "180+1"]
[EndTime "15:25:03 PDT"]
[Termination "AndreiITrifan won by resignation"]

1. Nf3 g6 2. d4 Bg7 3. b3 a5 4. Bb2 a4 5. b4 d6 6. a3 c5 7. e3 Nc6 8. Bb5 Bd7 9. c3 Nf6 10.
Bxa4 O-O 11. Bb3 e5 12. dxe5 dxe5 13. h3 e4 14. Nfd2 Ne5 15. Bc2 Bb5 16. c4 Bxc4 17.
Nxc4 Qxd1+ 18. Kxd1 Nxc4 19. Bc3 Nd5 20. Bxg7 Kxg7 21.
Bb3 Rfd8 22. Ke2 b5 23. bxc5 Rdc8 24. Rc1 Nf6 25. Nd2 Rxc5 26. a4 Rg5 27. Bxc4 bxc4 28.
g4 h5 29. gxh5 Rxh5 30. Rxc4 Rxh3 31. Nxe4 Rh4 32. Nd2 Rh2 33. a5 Ra6 34. Rb4 Nd5 35. Rd4 Nc3+ 36. Kf3 g5 37. Kg3 Rah6 38. Nf3 R2h3+ 39.
Kg2 R3h5 40. Rg4 Ra6 41. Rxg5+ Rxg5+ 42. Nxg5 Nd5 43. Nf3 Ne7 44. Nd4 Nc8 45. Nb3 Rg6+ 46. Kf3 Na7 47. a6 Rf6+ 48. Ke2 Rc6 49. Nd4 Rb6 50.
Kd3 Kf6 51. f4 Ke7 52. Kc4 Rb8 53. Kc5 Kd7 54. Rd1 Kc7 55. Rc1 Kd7 56. Kd5 Rb6 57. Ra1 Rb4 58. Kc5 Rb8 59. e4 Rc8+ 60. Kd5 Rd8 61. e5 Kc7+ 62. Ke4 Kb6 63. f5 Kc5 64.
Rc1+ Kb6 65. Ra1 Kc5 66. Ra4 Re8 67. e6 f6 68. Ra1 Rd8 69. Rc1+ Kb6 70. Rb1+ Kc5 71.
Rc1+ Kb6 72. Ra1 Kc5 73. Ra4 Rh8 74. Nf3 Kd6 75. Rd4+ Kc6 76. Rd7 Nb5 77. Nd4+ Nxd4 78. Kxd4 Ra8 79. a7 Kb6 80. Kd5 Ka6 81. e7 1-0

[Event "Late-Titled-Tuesday-Blitz-September-12-2023"]
[Site "Chess.com"]
[Date "2023.09.12"]
[Round "8"]
[White "maksimys18"]
[Black "KVAIDAN"]
[Result "1/2-1/2"]
[WhiteElo "2487"]
[BlackElo "2280"]
[TimeControl "180+1"]
[EndTime "15:25:05 PDT"]
[Termination "Game drawn - insufficient material"]

1. d4 e6 2. Nf3 f5 3. c4 Nf6 4. Nc3 d6 5. Bg5 Be7 6. e3 O-O 7. Be2 b6 8. Qc2 Bb7 9. O-O Ne4 10. Bxe7 Qxe7 11. d5 Nxc3 12. bxc3 exd5 13. Nd4 Qf6 14. Bf3 c5 15. Nb5 Na6 16. cxd5 Qe5 17. Rad1 Bc8 18. a3 Bd7 19. c4 Bxb5 20. cxb5 Nc7 21. a4 g5 22. h3 Rae8 23. Rfe1 Re7 24. e4 f4 25. Bg4 Ne8 26. Be6+ Kh8 27. a5 Nf6 28. axb6 axb6 29. f3 h5 30. Rc1 g4 31. hxg4 hxg4 32. Qc3 Qxc3 33. Rxc3 gxf3 34. Rxf3 Nh5 35. Kf2 Rh7 36. e5 dxe5 37. Rxe5 Ng7 38.
Bg4 Rh4 39. Bh3 Rh5 40. Rxh5+ Nxh5 41. d6 Kg7 42. d7 Kf6 43. Rd3 Ke7 44. Rd5 Nf6 45.
Re5+ Kd8 46. Be6 Rh8 47. Kf3 Rh4 48. Rf5 Nxd7 49. Rd5 Rh7 50. Kxf4 Re7 51. Kf5 Ke8 52. g4 Nf8 53. Bc8 Rc7 54. Ba6 c4 55. Rd2 c3 56.
Rc2 Kf7 57. Ke4 Ne6 58. Kd5 Kf6 59. Kd6 Rc5 60. Rf2+ Kg5 61. Kxe6 c2 62. Rxc2 Rxc2 63. Bb7 Kxg4 64. Kd6 Kf4 65. Bc6 Kf5 66. Kc7 Ke6 67.
Kxb6 Kd6 68. Kb7 Rc5 69. Kb6 Rg5 70. Kb7 Rg7+ 71. Kb6 Rg6 72. Kb7 Kc5 73. Kc7 Rg7+ 74. Bd7 Rg6 75. Bc6 Rf6 76. Bd7 Rh6 77. Bc6 Rd6 78.
Bd7 Rb6 79. Bc6 Rxb5 80. Bxb5 1/2-1/2

[Event "Late-Titled-Tuesday-Blitz-September-12-2023"]
[Site "Chess.com"]
[Date "2023.09.12"]
[Round "8"]
[White "Miguelitro69"]
[Black "reevecanada"]
[Result "1/2-1/2"]
[WhiteElo "2287"]
[BlackElo "2486"]
[TimeControl "180+1"]
[EndTime "15:25:10 PDT"]
[Termination "Game drawn by stalemate"]

1. e4 c5 2. Nf3 d6 3. d4 cxd4 4. Nxd4 Nf6 5. Nc3 a6 6. Bc4 e6 7.
Bb3 b5 8. Qe2 Qc7 9. g4 h6 10. f3 Be7 11. Be3 Nc6 12. O-O-O Bd7 13. Kb1 Ne5 14. h4 Nc4 15. Bc1 Qc5 16. g5 Nh5 17. f4 Ng3 18. Qf3 Nxh1 19. Qxh1 hxg5 20. fxg5 a5 21. g6 a4 22. gxf7+ Kf8 23. Bxc4 Qxc4 24. e5 d5 25. Qh3 b4 26. Ncb5 b3 27. cxb3 axb3 28. axb3 Qb4 29. Nc7 Rxh4 30. Ncxe6+ Bxe6 31. Nxe6+ Kxf7 32. Qf5+ Kg8 33. Rg1 Bf8 34. Qg6 Qe4+ 35. Qxe4 Rxe4 36. Bh6 Rxe5 37. Nxf8 Ra7 38. Ng6 Re2 39.
Bc1 Rb7 40. Nf4 Re5 41. Nd3 Rf5 42. Nc5 Rb5 43. Ne6 Rb7 44. b4 Rf6 45. Nf4 d4 46. Bd2 Rf5 47. Kc2 g5 48. Ne6 Kf7 49. Nxg5+ Kf6 50.
Ne4+ Ke5 51. Nc5 Rb5 52. Re1+ Kd5 53. Rh1 Kc4 54. Rh3 Kd5 55. b3 Rb8 56. Rh7 Rd8 57. Rc7 Rf2 58. Rd7+ Rxd7 59. Nxd7 Ke4 60. Nc5+ Ke5 61.
Kd3 Kd5 62. Nd7 Rf3+ 63. Kc2 Rf7 64. Nb6+ Ke4 65. Nc4 Rf2 66. Nd6+ Ke5 67. Nc4+ Kd5 68. Kd3 Rf3+ 69. Kc2 Ke4 70. Nd6+ Ke5 71. Nb5 Kd5 72.
Na3 Rf8 73. Nc4 Rf7 74. Kd3 Rf3+ 75. Kc2 Ke4 76. b5 Kd5 77. b6 Kc6 78. Ne5+ Kxb6 79. Nxf3 Kc5 80. Nxd4 Kd5 81. Bc3 Ke4 82. b4 Kd5 83.
Kb3 Kd6 84. Ka4 Kc7 85. Ka5 Kb7 86. Kb5 Kb8 87. Ka6 Kc8 88. Nb5 Kb8 89. Nd4 Ka8 90. b5 Kb8 91. b6 Ka8 92. Bb4 Kb8 93. Bd6+ Kc8 94. b7+ Kd7 95. b8=Q 1/2-1/2

[Event "Late-Titled-Tuesday-Blitz-September-12-2023"]
[Site "Chess.com"]
[Date "2023.09.12"]
[Round "8"]
[White "Kosak12"]
[Black "RichardLeyvaP"]
[Result "0-1"]
[WhiteElo "2789"]
[BlackElo "2640"]
[TimeControl "180+1"]
[EndTime "15:25:45 PDT"]
[Termination "RichardLeyvaP won by checkmate"]

1. e4 e5 2. Nf3 Nc6 3. Nc3 Nf6 4. h3 Be7 5. d4 exd4 6. Nxd4 O-O 7. Nxc6 dxc6 8.
Bd3 c5 9. O-O b6 10. e5 Nd7 11.
Be4 Rb8 12. Bf4 c4 13. Qe2 Nc5 14. Rad1 Qe8 15. Qxc4 Ba6 16. Qd4 Bxf1 17. Rxf1 Nxe4 18.
Nxe4 Qc6 19. Qe3 Rfe8 20. Re1 Qxc2 21. Rc1 Qxb2 22. Rxc7 Qxa2 23. Qg3 Rbc8 24. Nf6+ Bxf6 25. exf6 Qa1+ 26. Kh2 Qxf6 27. Rxa7 h6 28. Rb7 Rc6 29. Be3 Qg6 30. Qxg6 Rxg6 31. Rxb6 Rxb6 32. Bxb6 f5 33. h4 Kf7 34. f3 f4 35. Kh3 Re2 36. Bc7 g5 37.
hxg5 hxg5 38. Bb6 Kg6 39. Bc5 Kf5 40. Bb6 Rb2 41. Bc5 Rb5 42. Bf2 Rb7 43. Kh2 g4 44.
fxg4+ Kxg4 45. Bc5 Rb5 46. Bd6 Rd5 47. Bc7 Rd7 48.
Bb8 Rd2 49. Kg1 Rb2 50. Bc7 Kf5 51. Kf1 Rc2 52. Bd6 Ke4 53. Bb8 Ra2 54. Kg1 Ra8 55. Bc7 Rg8 56. Kf2 Rc8 57. Bd6 Rc2+ 58. Kg1 Ke3 59. Bb8 f3 60. gxf3 Kxf3 61. Kh1 Rc8 62. Bh2 Rh8 63. Kg1 Rg8+ 64. Kh1 Kf2 65. Bc7 Kf1 66.
Bh2 Ke2 67. Bc7 Kf3 68. Bh2 Ra8 69. Bg1 Ra1 70. Kh2 Rb1 71. Kh1 Rb5 72. Bh2 Rg5 73. Bg1 Rg2 74. Bh2 Kf2 75. Bc7 Rg1+ 76. Kh2 Rg7 77. Bb6+ Kf1 78. Kh3 Rh7+ 79. Kg4 Kg2 80. Kf5 Rh6 81. Bd4 Kf3 82. Bf6 Rh5+ 83. Ke6 Ke4 84.
Bb2 Rh6+ 85. Kd7 Rb6 86. Bc1 Kd5 87. Be3 Rb7+ 88. Kc8 Kc6 89. Kd8 Rd7+ 90. Kc8 Re7 91. Bg5 Re8+ 92. Bd8 Rg8 93. Kb8 Rxd8+ 94. Ka7 Rc8 95.
Ka6 Ra8# 0-1

[Event "Late-Titled-Tuesday-Blitz-September-12-2023"]
[Site "Chess.com"]
[Date "2023.09.12"]
[Round "8"]
[White "vi_pranav"]
[Black "Firouzja2003"]
[Result "1/2-1/2"]
[WhiteElo "2994"]
[BlackElo "3080"]
[TimeControl "180+1"]
[EndTime "15:25:58 PDT"]
[Termination "Game drawn by repetition"]

1. e4 c6 2. d4 d5 3. e5 Bf5 4.
Nf3 e6 5. Be2 Ne7 6. O-O Bg6 7. c3 Nf5 8. Nbd2 Nd7 9. Re1 c5 10.
Nf1 cxd4 11. cxd4 Be7 12. Bd3 O-O 13. h3 Rc8 14. Ne3 Nxe3 15. Bxe3 Qb6 16. Re2 Rc6 17. Bxg6 hxg6 18. Rc2 Rfc8 19. Rxc6 Rxc6 20. b3 Ba3 21. Ng5 Qc7 22. g3 Nf8 23. h4 Be7 24. Qf3 Bxg5 25. hxg5 Rc2 26. Kg2 Qc3 27. Rh1 Qd3 28. Qf4 Nd7 29.
a4 Qe4+ 30. Qxe4 dxe4 31. a5 Nb8 32. Rd1 Nc6 33. d5 exd5 34. Rxd5 Ra2 35. b4 Nxb4 36. Rd8+ Kh7 37. Rd7 Nc2 38. Bxa7 Ne1+ 39. Kh3 Nf3 40.
Rxb7 Nxg5+ 41. Kg4 Nf3 42. e6 fxe6 43. Bb6 g5 44.
Ra7 Kg6 45. Re7 Kf6 46. Bd8 Kg6 47. Bb6 Kf6 48. Bd8 Ra1 49. Re8+ Kf7 50. Re7+ Kf6 51.
Re8+ Ke5 52. Bc7+ Kd5 53. Rd8+ Kc6 54. Bb6 Ra2 55. Rc8+ Kd5 56. Rc7 g6 57. Rg7 Kd6 58. Rg8 Ke7 59. Ra8 Kf6 60. Rf8+ Kg7 61. Rc8 Kh6 62.
Rh8+ Kg7 63. Ra8 Ra4 64. Be3 Kf6 65. a6 Ne5+ 66. Kh3 g4+ 67. Kg2 Nf3 68. a7 Ra1 69.
Bd4+ Nxd4 70. Rf8+ Ke5 71. a8=Q Rxa8 72. Rxa8 Nf5 73. Ra4 Kd5 74. Kf1 Ke5 75. Ra5+ Kf6 76. Ke2 e3 77. Ra4 exf2 78. Kxf2 Kg5 79. Re4 Ng7 80. Re5+ Kf6 81. Re4 Kf5 82. Rf4+ Kg5 83. Re4 Kf6 84. Rxg4 e5 85. Ra4 Ne6 86. Kf3 Kf5 87.
Ke3 Nd4 88. Ra6 Nc2+ 89. Kf3 Nd4+ 90. Ke3 Nc2+ 91. Kf3 Nd4+ 92. Ke3 1/2-1/2

[Event "Late-Titled-Tuesday-Blitz-September-12-2023"]
[Site "Chess.com"]
[Date "2023.09.12"]
[Round "9"]
[White "OYAcosta"]
[Black "Langua_Chess"]
[Result "0-1"]
[WhiteElo "2240"]
[BlackElo "2492"]
[TimeControl "180+1"]
[EndTime "15:34:46 PDT"]
[Termination "Langua_Chess won by resignation"]

1. d4 d5 2. Bf4 c5 3. e3 cxd4 4. exd4 Nc6 5. Nf3 Bg4 6. c3 e6 7.
Nbd2 Bd6 8. Bxd6 Qxd6 9. h3 Bh5 10. g4 Bg6 11. Qb3 Rb8 12. Bb5 Ne7 13. O-O h5 14. g5 h4 15. Rfe1 Qf4 16. Re3 O-O 17. Qd1 Nf5 18. Re1 Bh5 19. Be2 b5 20. Nf1 Bxf3 21.
Bxf3 Qxg5+ 22. Kh2 Qf4+ 23. Kh1 b4 24. Bg2 bxc3 0-1

[Event "Late-Titled-Tuesday-Blitz-September-12-2023"]
[Site "Chess.com"]
[Date "2023.09.12"]
[Round "9"]
[White "Gogolev_Artemy"]
[Black "HajiyevKanan"]
[Result "0-1"]
[WhiteElo "2398"]
[BlackElo "2502"]
[TimeControl "180+1"]
[EndTime "15:36:24 PDT"]
[Termination "HajiyevKanan won by resignation"]

1. d4 c6 2. c4 d5 3. Nf3 Nf6 4.
Nc3 a6 5. c5 Ne4 6. Nxe4 dxe4 7. Ne5 Nd7 8. Bf4 Nxe5 9. Bxe5 Qa5+ 10. Qd2 Qxd2+ 11. Kxd2 f6 12. Bg3 h5 13. h3 Bf5 14.
e3 O-O-O 15. Kc2 h4 16. Bh2 e5 17. dxe5 Bxc5 18. Be2 Rd5 19. Bc4 Rd7 20. Rad1 Rhd8 21. Rxd7 Rxd7 22. exf6 gxf6 23. Bf4 b5 24. Be2 Bb4 25.
Rd1 Rxd1 26. Kxd1 Kd7 27. Kc2 a5 28. Kb3 Be1 0-1

[Event "Late-Titled-Tuesday-Blitz-September-12-2023"]
[Site "Chess.com"]
[Date "2023.09.12"]
[Round "9"]
[White "F-Ghaith2021"]
[Black "Der_Honigdachs"]
[Result "0-1"]
[WhiteElo "2383"]
[BlackElo "2537"]
[TimeControl "180+1"]
[EndTime "15:36:31 PDT"]
[Termination "Der_Honigdachs won by resignation"]

1. e4 e5 2. Nf3 d5 3. d3 dxe4 4. dxe4 Qxd1+ 5. Kxd1 f6 6. c3 Be6 7. Kc2 Nd7 8. Be3 O-O-O 9. Na3 Bxa3 10. bxa3 Nb6 11.
Nd2 Ne7 12. f3 Nc6 13. Be2 Na5 14. Rhd1 Bd7 15. Nb3 Ba4 16. Bxb6 axb6 17. Kb2 c5 18. h4 Rxd1 19. Bxd1 Nc4+ 20. Kc1 Rd8 21. Nd2 Rxd2 22. Bxa4 Rxg2 23. Rb1 Rg1+ 24. Bd1 Ne3 25. Kd2 Rxd1+ 26. Rxd1 Nxd1 27. Kxd1 h5 28. a4 g5 29. Ke2 Kb8 30. Kf2 Ka7 31. hxg5 fxg5 0-1

[Event "Late-Titled-Tuesday-Blitz-September-12-2023"]
[Site "Chess.com"]
[Date "2023.09.12"]
[Round "9"]
[White "aNaartjieZA"]
[Black "pirulillo"]
[Result "0-1"]
[WhiteElo "2417"]
[BlackElo "2340"]
[TimeControl "180+1"]
[EndTime "15:36:34 PDT"]
[Termination "pirulillo won by resignation"]

1. e4 c5 2. Nf3 e6 3. d3 Nc6 4. g3 g6 5. Bg2 Bg7 6. O-O Nge7 7. Re1 e5 8. c3 d6 9. a3 O-O 10. b4 b5 11. a4 bxa4 12. b5 Nb8 13. Rxa4 Nd7 14. Nbd2 Nb6 15. Ra1 a6 16. bxa6 Bxa6 17.
d4 cxd4 18. cxd4 exd4 19. Bb2 Nc6 20. Nb3 d3 21. Bxg7 Kxg7 22. Ra3 Ne5 23. Nxe5 dxe5 24. Qa1 Bc4 25. Rxa8 Qxa8 26. Qxe5+ Kg8 27. Qc3 Qa3 0-1

[Event "Late-Titled-Tuesday-Blitz-September-12-2023"]
[Site "Chess.com"]
[Date "2023.09.12"]
[Round "9"]
[White "BrandonJacobson"]
[Black "kingofthenil"]
[Result "1-0"]
[WhiteElo "3042"]
[BlackElo "2795"]
[TimeControl "180+1"]
[EndTime "15:37:10 PDT"]
[Termination "BrandonJacobson won by resignation"]

1. d4 d5 2. c4 e6 3. Nc3 h6 4.
Nf3 Nf6 5. e3 Nbd7 6. b3 dxc4 7.
bxc4 Bb4 8. Bb2 c5 9. Bd3 O-O 10.
O-O cxd4 11. exd4 b6 12. a3 Be7 13. Qe2 Bb7 14. Rfd1 Qc7 15. Ne5 Nxe5 16. dxe5 Qc6 17. f4 Nd7 18. Be4 Qc8 19. Bc2 Nc5 20. Nb5 Qc6 21. Nd6 Rad8 22. Qg4 h5 23. Qe2 Bxd6 24. Rxd6 Ne4 25. Rxc6 1-0

[Event "Late-Titled-Tuesday-Blitz-September-12-2023"]
[Site "Chess.com"]
[Date "2023.09.12"]
[Round "9"]
[White "canary2016"]
[Black "CFalcons8"]
[Result "1-0"]
[WhiteElo "2119"]
[BlackElo "2285"]
[TimeControl "180+1"]
[EndTime "15:37:21 PDT"]
[Termination "canary2016 won on time"]

1. e4 e5 2. Nf3 Nc6 3. d4 exd4 4. Bc4 Nf6 5. e5 d5 6. Bb5 Ne4 7. O-O Bc5 8. Nxd4 Bd7 9. Bxc6 bxc6 10. Be3 O-O 11. Nd2 Nxd2 12. Qxd2 Qe7 13. Bf4 f6 14. Rfe1 fxe5 15. Bxe5 Qh4 16. Nf3 Qh5 17. Bxc7 Rxf3 18. gxf3 1-0

[Event "Late-Titled-Tuesday-Blitz-September-12-2023"]
[Site "Chess.com"]
[Date "2023.09.12"]
[Round "9"]
[White "Mikasinski"]
[Black "Eloist"]
[Result "1/2-1/2"]
[WhiteElo "2664"]
[BlackElo "2501"]
[TimeControl "180+1"]
[EndTime "15:37:26 PDT"]
[Termination "Game drawn by repetition"]

1. e4 e6 2. d4 d5 3. Nc3 Nf6 4.
Bg5 dxe4 5. Nxe4 Be7 6. Bxf6 gxf6 7. Nf3 f5 8. Ng3 c5 9. c3 cxd4 10. Nxd4 Nc6 11. Bb5 Bd7 12. Bxc6 Bxc6 13. Nxc6 Qxd1+ 14. Kxd1 bxc6 15. Kc2 h5 16. Ne2 Rg8 17. g3 h4 18. f4 Kd7 19. Rhd1+ Kc7 20. Rd2 hxg3 21. hxg3 Rh8 22. Rad1 Rad8 23. Rxd8 Bxd8 24. Rd2 Rh2 25. Nd4 Rxd2+ 26. Kxd2 Kd6 27. Kd3 Bb6 28. a4 Kd5 29.
c4+ Kc5 30. Nc2 a5 31. b3 Kd6 32. Nd4 Bxd4 33. Kxd4 c5+ 34. Ke3 f6 35. Kf3 e5 36.
Ke3 Ke6 37. Kf3 Kf7 38. Ke3 Kg6 39. Ke2 Kf7 40. Kf2 Kg6 41. Kg2 Kf7 42. Kf3 Kg6 43. Ke3 Kf7 44. Kd3 Ke6 45. Ke2 Kf7 46. Kf1 Ke6 47.
Kg2 Kf7 48. Kh3 Ke6 49. Kg2 Kf7 1/2-1/2

[Event "Late-Titled-Tuesday-Blitz-September-12-2023"]
[Site "Chess.com"]
[Date "2023.09.12"]
[Round "9"]
[White "Good_Knight_Kiss"]
[Black "maksimys18"]
[Result "0-1"]
[WhiteElo "2347"]
[BlackElo "2493"]
[TimeControl "180+1"]
[EndTime "15:37:33 PDT"]
[Termination "maksimys18 won on time"]

1. e4 e6 2. d4 d5 3. Nc3 Bb4 4. exd5 exd5 5. Bd3 Ne7 6. Qf3 O-O 7. Ne2 c6 8. O-O Nd7 9. Ng3 Nf6 10. h3 Ng6 11. Bg5 Be7 12. Rae1 Re8 13. a3 Be6 14. Nf5 Bxf5 15.
Qxf5 Nd7 16. Be3 Ndf8 17. g3 Qd7 18. h4 Qxf5 19. Bxf5 Bf6 20. h5 Ne7 21. Bh3 h6 22. f4 Rad8 23. g4 c5 24. Ne2 cxd4 25. Nxd4 Nc6 26. Nxc6 bxc6 27. c3 d4 28. Bxd4 Bxd4+ 29. cxd4 Rxe1 30. Rxe1 Rxd4 31. Rc1 Ne6 32. Rxc6 Nxf4 33.
Bf1 Rd2 34. b4 g6 35. hxg6 fxg6 36. Ra6 Rd7 37. Kf2 Kg7 38. Ke3 Nd5+ 0-1

[Event "Late-Titled-Tuesday-Blitz-September-12-2023"]
[Site "Chess.com"]
[Date "2023.09.12"]
[Round "9"]
[White "Alex_Banzea"]
[Black "Arystanner"]
[Result "0-1"]
[WhiteElo "2666"]
[BlackElo "2839"]
[TimeControl "180+1"]
[EndTime "15:37:37 PDT"]
[Termination "Arystanner won by resignation"]

1. d4 d5 2. Nc3 e6 3. Bf4 Bb4 4.
e3 Bxc3+ 5. bxc3 c5 6. dxc5 Nc6 7. Bd6 Nf6 8. Bd3 e5 9. f4 e4 10. Be2 Qa5 11. Qd2 Bg4 12. h3 Be6 13. g4 g6 14.
Rb1 h5 15. Rxb7 hxg4 16. Bb5 Bd7 17. Bxc6 Bxc6 18. Re7+ Kd8 19. Bc7+ Qxc7 20. Rxc7 Kxc7 21. Qg2 Rab8 22. hxg4 Rb1+ 23. Kd2 Rxh1 24. Qxh1 Nxg4 25. f5 Rd1+ 26. Kxd1 Nf2+ 27. Ke1 Nxh1 28. fxg6 fxg6 29. Ne2 g5 30. Nd4 Bd7 31. Kf1 Ng3+ 32. Kg2 Nf5 0-1